 Dungeon Crawl Stone Soup version 0.31-a0-521-gc7390f8997 (webtiles) character file.

Game seed: 16789732778683611575

43 Ofeo the Shooter (level 3, 0/30 HPs)
             Began as a Formicid Hunter on Aug 10, 2023.
             Succumbed to a scorpion's poison
             ... on level 3 of the Dungeon.
             The game lasted 00:01:29 (1720 turns).

Ofeo the Shooter (Formicid Hunter)                  Turns: 1720, Time: 00:01:30

Health: 0/30       AC:  3    Str: 19    XL:     3   Next: 82%
Magic:  3/3        EV: 12    Int:  7    God:
Gold:   56         SH:  0    Dex: 18    Spells: 2/2 levels left

rFire   . . .        a - +0 shortbow
rCold   . . .        (no shield)
rNeg    . . .        c - +0 leather armour
rPois   .            (helmet unavailable)
rElec   .            (no cloak)
rCorr   .            (no gloves)
SInv    +            (no boots)
Will    +....        (no amulet)
Stlth   ++           (no ring)
HPRegen 0.25/turn    (no ring)
MPRegen 0.08/turn

%: clarity
@: lethally poisoned (0 -> -27), enlightened, flying (expiring)
A: permanent stasis, dig shafts and tunnels, antennae 3, four strong arms,
clarity, robust 1, strong 1
a: Dig, Shaft Self


You were on level 3 of the Dungeon.
You visited 1 branch of the dungeon, and saw 3 of its levels.

You collected 56 gold pieces.

Inventory:

Hand Weapons
 a - a +0 shortbow (weapon)
Missiles
 j - 5 silver javelins
 l - a throwing net
Armour
 c - a +0 leather armour (worn)
Scrolls
 b - a scroll of butterflies
 e - 2 scrolls of teleportation {unknown}
 g - 3 scrolls of fear {unknown}
 i - a scroll of blinking {unknown}
Potions
 h - 2 potions of heal wounds {@q2}
 k - a potion of brilliance {unknown}


   Skills:
 + Level 2.8 Fighting
 + Level 4.3 Ranged Weapons
 + Level 2.3 Dodging
 + Level 2.4 Stealth


You had 2 spell levels left.
You didn't know any spells.
Your spell library was empty.

Dungeon Overview and Level Annotations

Branches:
Dungeon (3/15)

Altars:


Innate Abilities, Weirdness & Mutations

You cannot be hasted, slowed, berserked, paralysed or teleported.
You can dig through walls and to a lower floor.
You have a pair of large antennae on your head. (SInv)
Your four strong arms can wield two-handed weapons with a shield.
You possess an exceptional clarity of mind.
You are robust. (+10% HP)
Your muscles are strong. (Str +4, Int/Dex -1)


Message History

The scorpion barely misses you.
You regained 15 hp, and now have 26/30 hp.
Fire: a) +0 shortbow
Press: ? - help, Q - select action, (/) - cycle Shift-Dir - straight line, f/p - scorpion
Aim: a scorpion (severely wounded, 64% to hit)
You shoot an arrow. The arrow barely misses the scorpion.
The arrow barely misses the orc.
The arrow hits the hobgoblin.
The hobgoblin is almost dead.
You feel very sick. The scorpion stings you.
You take 4 damage, and have 22/30 hp.
Fire: a) +0 shortbow
Press: ? - help, Q - select action, (/) - cycle Shift-Dir - straight line, f/p - scorpion
Aim: a scorpion (severely wounded, 64% to hit)
You shoot an arrow. The arrow hits the scorpion.
The scorpion is almost dead.
You feel very sick. The scorpion stings you.
You are lethally poisoned!
The scorpion poisons you! The scorpion misses you.
You take 7 damage, and have 15/30 hp.
MASSIVE DAMAGE!!
Fire: a) +0 shortbow
Press: ? - help, Q - select action, (/) - cycle Shift-Dir - straight line, f/p - scorpion
Aim: a scorpion (almost dead, 64% to hit)
You shoot an arrow. The arrow hits the scorpion.
The scorpion is almost dead.
* * * LOW HITPOINT WARNING * * *
You feel very sick. The scorpion stings you.
* * * LOW HITPOINT WARNING * * *
You are more poisoned.
The scorpion poisons you!
You take 8 damage, and have 7/30 hp.
MASSIVE DAMAGE!!
Fire: a) +0 shortbow
Press: ? - help, Q - select action, (/) - cycle Shift-Dir - straight line, f/p - scorpion
Aim: a scorpion (almost dead, 64% to hit)
You shoot an arrow. The arrow hits the scorpion.
You kill the scorpion!
You die...

#.....# #.....#
#.....### #######
#.......## .......
#.<†...... ......{
#......... ......o
#.........
o....og##.....)...
.....go†@.........
.....$o##.........
....... ####......
....... ......
....... .....
####.## .... #.
.#. #.


You could see 3 orcs and 2 hobgoblins.

Vanquished Creatures
  A scorpion (D:3)
  An adder (D:2)
  A worm (D:2)
  A dart slug (D:1)
  3 endoplasms
  3 giant cockroaches (D:1)
  4 goblins
  4 hobgoblins
  5 ball pythons
  A bat (D:1)
  3 frilled lizards
  3 kobolds
  12 rats
42 creatures vanquished.

Notes
Turn   | Place    | Note
-------+----------+-------------------------------------------
     0 | D:1      | Ofeo the Formicid Hunter began the quest for the Orb.
     0 | D:1      | Reached XP level 1. HP: 16/16 MP: 1/1
    76 | D:1      | Reached XP level 2. HP: 23/23 MP: 2/2
   463 | D:1      | Reached XP level 3. HP: 28/28 MP: 3/3
  1700 | D:3      | Noticed a scorpion
  1704 | D:3      | Gained mutation: Your muscles are strong. (Str +4, Int/Dex
                  | -1) [potion of mutation]
  1704 | D:3      | Gained mutation: You possess an exceptional clarity of
                  | mind. [potion of mutation]
  1704 | D:3      | Gained mutation: You are robust. (+10% HP) [potion of
                  | mutation]
  1720 | D:3      | Killed a scorpion
  1720 | D:3      | Succumbed to a scorpion's poison

Illustrated notes

Levels and vault maps discovered:
D:1:      dpeg_arrival_ratfight, layout_rooms, minmay_pentomino_x2
D:2:      layout_loops_ring, lemuel_flame_loot_1
D:3:      layout_rooms, elyvilon_altar_4, gup_sewer_entry_glass

Skill      XL: |  1  2 |
---------------+-------+-----
Dodging        | 2 |  2.3
Stealth        | 2 |  2.4
Fighting       | |  2.8
Ranged Weapons | |  4.3

Action                     || total
---------------------------++-------
  Melee: Shortbow          ||     2
   Fire: Shortbow          ||   113
Ability: Dig               ||     1
    Use: Potion            ||     3
 Armour: Leather armour    ||     8
  Dodge: Dodged            ||    33

Table legend: (Time is in decaauts)
 A = Elapsed time spent in this place.
 B = Non-inter-level travel time spent in this place.
 C = Inter-level travel time spent in this place.
 D = Time resting spent in this place.
 E = Time spent auto-exploring this place.
 F = Levels seen in this place.
 G = Mean time per level.
                   A        B        C        D        E       F      G
               +--------+--------+--------+--------+--------+-----+--------+
         Total |   1745 |   1632 |    113 |      0 |   1381 |   3 |  581.7 |
       Dungeon |   1745 |   1632 |    113 |      0 |   1381 |   3 |  581.7 |
               +--------+--------+--------+--------+--------+-----+--------+

Top non-repeatable levels by time:
     D:2: 966 daAuts
     D:1: 740 daAuts
     D:3: 37 daAuts
